 Seeded DCSS version 0.29.1-15-g9cfb28693d (webtiles) character file.

Game seed: 8515177902725472229 (custom seed)

61411 valliere the Covert (level 15, -11/95 HPs)
             Began as a Kobold Artificer on Apr 18, 2023.
             Was a Believer of Uskayaw.
             Killed themself with a badly aimed iceblast (28 damage)
             ... on level 2 of the Spider Nest.
             The game lasted 00:51:43 (19572 turns).

valliere the Covert (Kobold Artificer)             Turns: 19572, Time: 00:51:44

Health: -11/95     AC: 14    Str: 14 (16) XL:     15   Next: 42%
Magic:  0/20       EV: 19    Int: 13 (17) God:    Uskayaw [**....]
Gold:   2395       SH:  5    Dex: 20 (22) Spells: 14/14 levels left

rFire   + + +      SeeInvis .   x - +7 rapier "Cuazuwk" {vorpal, Contam rF+ rC+ Stlth+}
rCold   + . .      Faith    .   (no shield)
rNeg    . . .      Spirit   .   Y - +2 scale mail {Will+}
rPois   +          Reflect  +   C - +0 hat {Will+}
rElec   .          Harm     +   M - +0 cloak
rCorr   +          Rampage  .   (no gloves)
Will    +++++                   L - +1 pair of boots of the Moon Troll {Int+4}
Stlth   +++++++...              w - amulet of Eternal Harmony {Reflect Harm *Slow rF++ Regen+ SH+5}
HPRegen 1.05/turn               i - ring "Gishraypupp" {rPois Will+ rCorr Str+6}
MPRegen 0.17/turn               Q - ring of flight

@: flying, slowed, studying Evocations, very slow
A: small, no large weapons, nightstalker 3, low MP 1, strong-willed 1, poison
resistance
a: Renounce Religion, Stomp, Line Pass


You were on level 2 of the Spider Nest.
You worshipped Uskayaw.
Uskayaw was aware of your devotion.
You visited 4 branches of the dungeon, and saw 19 of its levels.

You collected 2395 gold pieces.

Inventory:

Hand Weapons
 x - the +7 rapier "Cuazuwk" (weapon) {vorpal, Contam rF+ rC+ Stlth+}
   (You acquired it on level 2 of the Dungeon)

   It inflicts extra damage upon your enemies.
   rF:        It protects you from fire.
   rC:        It protects you from cold.
   Contam:    It causes magical contamination when unequipped.
   Stlth:     It makes you more stealthy.
Missiles
 v - 8 throwing nets
Armour
 C - a +0 hat of willpower (worn)
 L - the +1 pair of boots of the Moon Troll (worn) {Int+4}
   (You acquired it on level 4 of the Lair of Beasts)

   Int:       It affects your intelligence (+4).
 M - a +0 cloak (worn)
 W - the +0 pair of gloves of Fuisch {rElec Str-5 Int+7 SInv}
   (You found it on level 2 of the Lair of Beasts)

   Str:       It affects your strength (-5).
   Int:       It affects your intelligence (+7).
   rElec:     It insulates you from electricity.
   SInv:      It lets you see invisible.
 Y - a +2 scale mail of willpower (worn)
Jewellery
 a - a ring of willpower
 i - the ring "Gishraypupp" (left hand) {rPois Will+ rCorr Str+6}
   (You acquired it on level 1 of the Dungeon)

   [ring of resist corrosion]

   Str:       It affects your strength (+6).
   rPois:     It protects you from poison.
   rCorr:     It protects you from acid and corrosion.
   Will:      It increases your willpower.
 w - the amulet of Eternal Harmony (around neck) {Reflect Harm *Slow rF++ Regen+ SH+5}
   (You acquired it on level 2 of the Dungeon)

   [amulet of reflection]

   It reflects blocked missile attacks.
   rF:        It greatly protects you from fire.
   Regen:     It increases your rate of health regeneration.
   *Slow:     It may slow you when you take damage.
   SH:        It affects your SH (+5).
   Harm:      It increases damage dealt and taken.
 Q - a ring of flight (right hand)
 T - an amulet of faith
Wands
 c - a wand of flame (42) (quivered)
 d - a wand of charming (13)
 e - a wand of iceblast (18)
 D - a wand of paralysis (16)
 Z - a wand of mindburst (6)
Scrolls
 j - 3 scrolls of blinking
 l - a scroll of magic mapping {unknown}
 m - a scroll of torment {unknown}
 q - 4 scrolls of enchant weapon
 r - 13 scrolls of teleportation
 s - 2 scrolls of vulnerability
 z - 3 scrolls of fear
 F - 3 scrolls of enchant armour
 G - 2 scrolls of butterflies
 H - a scroll of amnesia {unknown}
 I - 2 scrolls of brand weapon
 K - 2 scrolls of poison
 N - a scroll of summoning {unknown}
 U - 2 scrolls of immolation {unknown}
Potions
 b - a potion of brilliance {unknown}
 f - 11 potions of curing
 h - 4 potions of mutation
 k - 2 potions of flight
 n - 2 potions of heal wounds
 o - 2 potions of might
 p - 3 potions of attraction
 t - 4 potions of haste
 A - 4 potions of lignification
 B - 2 potions of magic {unknown}
 E - 3 potions of cancellation {unknown}
 O - 2 potions of ambrosia {unknown}
 X - 3 potions of degeneration {unknown}
Miscellaneous
 g - a tin of tremorstones (1/2)
 P - a condenser vane (inert)
 S - a lightning rod (2/4)


   Skills:
 + Level 11.2 Fighting
 + Level 13.2 Short Blades
 + Level 8.7 Armour
 + Level 12.3 Dodging
 + Level 14.2 Stealth
 + Level 9.9 Invocations
 + Level 14.0 Evocations


You had 14 spell levels left.
You didn't know any spells.
Your spell library contained the following spells:

 Spells                   Type           Power      Damage    Failure   Level
 Beastly Appendage        Tmut           0%         N/A       71%         1
 Necrotise                Necr           0%         1d4       71%         1
 Shock                    Conj/Air       0%         1d3       71%         1
 Slow                     Hex            0%         N/A       71%         1
 Summon Small Mammal      Summ           0%         N/A       71%         1
 Poisonous Vapours        Pois/Air       0%         N/A       83%         2
 Static Discharge         Conj/Air       0%         3-3/arc   83%         2
 Wereblood                Tmut           0%         N/A       83%         2
 Call Canine Familiar     Summ           0%         N/A       97%         3
 Confusing Touch          Hex            0%         N/A       97%         3
 Inner Flame              Hex/Fire       0%         N/A       97%         3
 Portal Projectile        Hex/Tloc       0%         N/A       97%         3
 Spider Form              Tmut/Pois      0%         N/A       97%         3
 Summon Guardian Golem    Hex/Summ       0%         N/A       97%         3
 Swiftness                Air            0%         N/A       97%         3
 Vampiric Draining        Necr           0%         2d6       97%         3
 Airstrike                Air            0%         2d(0-16)  100%        4
 Cause Fear               Hex            0%         N/A       100%        4
 Corpse Rot               Necr/Pois/Air  0%         N/A       100%        4
 Leda's Liquefaction      Hex/Erth       0%         N/A       100%        4
 Olgreb's Toxic Radiance  Pois           0%         N/A       100%        4
 Passage of Golubria      Tloc           0%         N/A       100%        4
 Agony                    Necr           0%         N/A       100%        5
 Lightning Bolt           Conj/Air       0%         1d11      100%        5
 Silence                  Hex/Air        0%         N/A       100%        5
 Ozocubu's Refrigeration  Ice            0%         4d7       100%        7
 Discord                  Hex            0%         N/A       100%        8
 Ignition                 Fire           0%         3d3       100%        8
 Lehudib's Crystal Spear  Conj/Erth      0%         10d2      100%        8
 Maxwell's Capacitive Co  Air            0%         ∞         100%        8
 Chain Lightning          Conj/Air       0%         N/A       100%        9
 Fire Storm               Conj/Fire      0%         5d1       100%        9
 Shatter                  Erth           0%         3d5*      100%        9


Dungeon Overview and Level Annotations

Branches:
Dungeon (11/15)            Temple (1/1) D:7            Lair (5/5) D:10
  Swamp (0/4) Lair:3       Spider (2/4) Lair:2        Slime (0/5) Lair:4
    Orc (0/2) D:10

Altars:
Ashenzari
Cheibriados
Dithmenos
Elyvilon
Fedhas
Gozag
Hepliaklqana
Kikubaaqudgha
Makhleb
Nemelex Xobeh
Okawaru
Qazlal
Ru
Sif Muna
Trog
Uskayaw
Vehumet
Wu Jian
Xom
Yredelemnul
Zin
The Shining One
Jiyva

Shops:
D:2 *   D:5 **   D:7 =   D:8 ?

Annotations:
D:4 2 transporters, BlueFalcon's ghost, weakling DsGl
D:6 3 runed translucent doors, nroviw's ghost, novice OpCj
D:8 1 exclusion
D:10 exclusion: 3 doors
Lair:4 3 runed translucent doors, Veeshiej's ghost, journeyman MiFi


Innate Abilities, Weirdness & Mutations

You are small and have problems with some larger weapons.
You are completely attuned to the shadows.
Your magical capacity is low. (-10% MP)
You are strong-willed. (Will+)
Your system is resistant to poisons. (rPois)


Message History

Something hits you but does no damage. Something hits you.
Something stings you.
The culicivora is healed somewhat.
The culicivora bites you.
The culicivora draws strength from your injuries!
You can now pass through a line of other dancers.
Aiming: Thunderbolt
Press: ? - help, Shift-Dir - straight line, f/p - culicivora
Aim: a culicivora (lightly wounded)
The thunderbolt hits the culicivora!!
The culicivora is severely wounded.
The thunderbolt hits the culicivora!
The culicivora is heavily wounded.
You feel yourself speed up.
You hear a chilling moan.
The culicivora closely misses you. x2
You feel you are being watched by something.
Something hits you but does no damage. Something hits you.
* * * LOW HITPOINT WARNING * * *
You feel clumsy.
Something stings you but does no damage.
The jumping spider leaps!
You block the culicivora's attack.
The culicivora bites you but does no damage.
Something hits you but does no damage. Something hits you!
* * * LOW HITPOINT WARNING * * *
Something stings you but does no damage.
Being near the torpor snail leaves you feeling lethargic.
The jumping spider leaps!
Unknown command.
Okay, then.
Okay, then.
Unknown command.
Okay, then.
Aiming: Iceblast
Press: ? - help, Shift-Dir - straight line, f/p - culicivora
Aim: a culicivora (severely wounded) That beam is likely to hit you.
Continue anyway?
The mass of ice explodes!
The iceblast engulfs the culicivora!!
You kill the culicivora!
The iceblast engulfs you!! You partially resist.
You die...

..# #.# ### .## ..#
###.## ###
†######...>###.#### ..
.#..##...^###..##.##..
†....#...##.##...{..°.
.†..........##..@.....
.............#.##s.#.
..........#.##...w.#
.................°#..
.#................†...
#. .......^....... ..
.......#..#...# ..
....##...#...# ..


You could see a torpor snail and a culicivora.

Vanquished Creatures
  Gastronok (D:8)
  Agnes (Spider:1)
  4 emperor scorpions (Spider:1)
  A ghost moth (Spider:1)
  A fire dragon (Lair:5)
  Harold (Lair:2)
  A boulder beetle (Lair:5)
  3 hydras
  A catoblepas (Lair:4)
  3 two-headed ogres
  Erica (D:8)
  A pharaoh ant (Spider:1)
  2 swamp dragons
  Pikel (D:8)
  2 lindwurms
  A wolf spider (Lair:5)
  3 oklob plants (Lair:4)
  2 manticores
  2 cyclopes
  10 black mambas
  Joseph (D:8)
  A gargoyle (D:11)
  A guardian serpent (Lair:5)
  13 cane toads
  3 elephants (Lair:4)
  A torpor snail (Lair:2)
  Psyche (D:9)
  2 demonic crawlers (Spider:1)
  Maggie (D:10)
  An unseen horror zombie (D:9)
  11 komodo dragons
  4 rime drakes
  2 trolls
  3 polar bears (Lair:5)
  3 hornets
  9 tarantellas
  20 blink frogs
  Prince Ribbit (D:9)
  3 culicivoras
  3 shadows
  A jumping spider (Spider:1)
  14 wyverns
  46 yaks
  A vampire (D:10)
  3 fire bats (Lair:5)
  A wraith (D:10)
  Grum (D:10)
  13 redbacks
  7 vampire mosquitoes
  3 steam dragons
  6 basilisks
  3 acid dragons
  21 water moccasins
  3 ice beasts
  2 swamp drakes (Lair:5)
  An orc warrior (D:6)
  2 black bears (Lair:3)
  7 wolves
  4 centaurs
  An ogre (D:6)
  A lemure (D:8)
  5 bullfrogs
  A wyvern zombie (D:9)
  A gnoll sergeant (D:9)
  4 scorpions
  7 wights
  12 killer bees
  2 electric eels (D:8)
  3 jellies
  A hound (D:7)
  4 orc priests
  3 gnoll boudas
  11 iguanas
  4 orc wizards
  16 gnolls
  4 adders
  10 river rats (D:6)
  2 white imps
  2 ufetubi
  2 worms (Lair:2)
  2 dart slugs (D:1)
  29 orcs
  5 ball pythons
  5 bats
  3 endoplasms
  6 giant cockroaches
  6 goblins
  7 hobgoblins
  5 jackals (D:2)
  8 quokkas
  5 frilled lizards
  4 kobolds
  24 rats
470 creatures vanquished.

Vanquished Creatures (collateral kills)
  A rime drake (Lair:5)
  A gnoll (D:2)
2 creatures vanquished.

Vanquished Creatures (others)
  A gnoll (D:2)
  44 fungi
  88 plants
133 creatures vanquished.

Grand Total: 605 creatures vanquished

Notes
Turn   | Place    | Note
-------+----------+-------------------------------------------
     0 | D:1      | valliere the Kobold Artificer began the quest for the Orb.
     0 | D:1      | Reached XP level 1. HP: 12/12 MP: 1/1
   107 | D:1      | Identified a scroll of acquirement
   107 | D:1      | Acquired the ring "Gishraypupp" {rPois Will+ rCorr Str+6}
   407 | D:1      | Reached skill level 1 in Armour
   407 | D:1      | Reached XP level 2. HP: 16/16 MP: 2/2
  1151 | D:1      | Reached XP level 3. HP: 20/20 MP: 3/3
  1351 | D:1      | Reached skill level 1 in Short Blades
  1531 | D:2      | Found Vuamm's General Store.
  1607 | D:2      | Reached XP level 4. HP: 4/26 MP: 4/4
  2700 | D:2      | Found a shimmering altar of Xom.
  2737 | D:2      | Reached XP level 5. HP: 18/30 MP: 5/5
  2861 | D:2      | Acquired 512 gold pieces
  2866 | D:2      | Acquired the +7 rapier "Cuazuwk" {vorpal, Contam rF+ rC+
                  | Stlth+}
  2869 | D:2      | Acquired the amulet of Eternal Harmony {Reflect Harm *Slow
                  | rF++ Regen+ SH+5}
  3040 | D:3      | Found a faded altar of an unknown god.
  3251 | D:3      | You fall into a shaft and drop 1 floor!
  3441 | D:4      | Found a transporter.
  3445 | D:4      | Found a transporter.
  3445 | D:4      | Noticed BlueFalcon's ghost (weakling DsGl)
  3491 | D:4      | Reached XP level 6. HP: 36/36 MP: 6/6
  3895 | D:5      | Entered Level 5 of the Dungeon
  3913 | D:5      | Found Bylic's Specific Store.
  3914 | D:5      | Found Naef Ace's General Store.
  4095 | D:5      | Noticed a water moccasin
  4104 | D:5      | Killed a water moccasin
  4105 | D:5      | Reached XP level 7. HP: 41/41 MP: 7/7
  4122 | D:5      | Reached skill level 5 in Evocations
  4201 | D:5      | Found a radiant altar of Vehumet.
  4617 | D:6      | Noticed a steam dragon
  4619 | D:6      | Killed a steam dragon
  4653 | D:6      | Reached XP level 8. HP: 47/48 MP: 8/8
  4782 | D:6      | Reached skill level 5 in Stealth
  4784 | D:6      | Noticed a troll
  4792 | D:6      | Killed a troll
  4793 | D:6      | Reached skill level 5 in Short Blades
  4793 | D:6      | Reached skill level 5 in Dodging
  5060 | D:6      | Found a hazy altar of Hepliaklqana.
  5130 | D:6      | Found a runed translucent gate.
  5184 | D:6      | Reached XP level 9. HP: 17/52 MP: 9/9
  5311 | D:6      | Found a runed translucent gate.
  5312 | D:6      | Found a runed translucent gate.
  5312 | D:6      | Noticed nroviw's ghost (novice OpCj)
  5714 | D:7      | Reached skill level 5 in Fighting
  5834 | D:7      | Found the +0 staff of Battle
  6060 | D:7      | Found a staircase to the Ecumenical Temple.
  6066 | Temple   | Entered the Ecumenical Temple
  6281 | Temple   | Became a worshipper of Uskayaw the Reveller
  6489 | D:7      | Identified the +2 long sword "Widowermaker" {vorpal, rN+
                  | Str+3}
  6493 | D:7      | Found Zauzocer's Jewellery Emporium.
  6499 | D:7      | Reached * piety under Uskayaw
  6538 | D:7      | Found a shadowy altar of Dithmenos.
  6680 | D:8      | Found Zilis's Magic Scroll Shoppe.
  6796 | D:8      | Found a snail-covered altar of Cheibriados.
  6877 | D:8      | Noticed Joseph
  6880 | D:8      | Killed Joseph
  6880 | D:8      | Reached ** piety under Uskayaw
  6881 | D:8      | Reached skill level 1 in Invocations
  6904 | D:8      | Noticed Erica
  6908 | D:8      | Killed Erica
  6909 | D:8      | Reached XP level 10. HP: 60/60 MP: 9/11
  7277 | D:8      | Noticed Pikel
  7289 | D:8      | Reached *** piety under Uskayaw
  7290 | D:8      | Killed Pikel
  7373 | D:8      | Found a glowing silver altar of Zin.
  7531 | D:8      | Noticed Gastronok
  7544 | D:8      | Killed Gastronok
  7545 | D:8      | Reached skill level 5 in Armour
  8036 | D:9      | Noticed Psyche
  8037 | D:9      | Killed Psyche
  8214 | D:9      | Noticed a two-headed ogre
  8218 | D:9      | Killed a two-headed ogre
  8219 | D:9      | Reached XP level 11. HP: 66/66 MP: 12/14
  8382 | D:9      | Noticed Prince Ribbit
  8397 | D:9      | Killed Prince Ribbit
  8859 | D:9      | Found a basalt altar of Yredelemnul.
  9358 | D:10     | Entered Level 10 of the Dungeon
  9413 | D:10     | Noticed Maggie
  9423 | D:10     | Killed Maggie
  9432 | D:10     | Reached **** piety under Uskayaw
  9439 | D:10     | Reached ***** piety under Uskayaw
  9512 | D:10     | Found a staircase to the Lair.
  9529 | D:10     | Reached skill level 5 in Invocations
  9567 | D:10     | Found a staircase to the Orcish Mines.
  9823 | D:10     | Noticed Grum
  9838 | D:10     | Killed Grum
  9925 | D:10     | Found a blossoming altar of Fedhas.
 10033 | D:10     | Noticed a manticore
 10037 | D:10     | Killed a manticore
 10480 | D:10     | Found a burning altar of Makhleb.
 10559 | D:10     | Reached skill level 10 in Stealth
 11058 | D:11     | Noticed a manticore
 11062 | D:11     | Killed a manticore
 11063 | D:11     | Reached XP level 12. HP: 73/73 MP: 16/16
 11337 | D:11     | Noticed a two-headed ogre
 11344 | D:11     | Killed a two-headed ogre
 12200 | D:8      | Noticed a two-headed ogre
 12203 | D:8      | Killed a two-headed ogre
 12339 | Lair:1   | Entered Level 1 of the Lair of Beasts
 12402 | Lair:1   | Reached skill level 10 in Short Blades
 12451 | Lair:1   | Reached skill level 10 in Evocations
 13165 | Lair:1   | Noticed an eight-headed hydra
 13172 | Lair:1   | Killed an eight-headed hydra
 13676 | Lair:2   | Reached XP level 13. HP: 80/80 MP: 18/18
 13817 | Lair:2   | Identified the +0 pair of gloves of Fuisch {rElec Str-5
                  | Int+7 SInv}
 13904 | Lair:2   | Identified the +0 chain mail "Nicigref" {rPois}
 13941 | Lair:2   | Found a hole to the Spider Nest.
 13944 | Lair:2   | Reached skill level 10 in Dodging
 14011 | Lair:2   | Noticed Harold
 14033 | Lair:2   | Killed Harold
 14082 | Lair:2   | Noticed a four-headed hydra
 14091 | Lair:2   | Killed a four-headed hydra
 14229 | Lair:2   | Identified the +3 mace "Cunoa" {venom, Will+ Stlth+}
 14478 | Lair:3   | Found a staircase to the Swamp.
 15472 | Lair:4   | Found a runed translucent gate.
 15472 | Lair:4   | Found a runed translucent gate.
 15472 | Lair:4   | Found a runed translucent gate.
 15476 | Lair:4   | Noticed an eight-headed hydra
 15481 | Lair:4   | Noticed Veeshiej's ghost (journeyman MiFi)
 15584 | Lair:4   | Found a burning altar of Makhleb.
 15737 | Lair:4   | Noticed a catoblepas
 15748 | Lair:4   | Reached ****** piety under Uskayaw
 15749 | Lair:4   | Killed a catoblepas
 15750 | Lair:4   | Reached XP level 14. HP: 55/87 MP: 11/20
 15827 | Lair:4   | Acquired a manual of Evocations
 15830 | Lair:4   | Acquired 576 gold pieces
 15832 | Lair:4   | Acquired the +1 pair of boots of the Moon Troll {Int+4}
 15944 | Lair:4   | Found a viscous altar of Jiyva.
 15945 | Lair:4   | Found a staircase to the Slime Pits.
 15949 | Lair:4   | Reached skill level 10 in Fighting
 16139 | Lair:5   | Entered Level 5 of the Lair of Beasts
 17598 | Lair:5   | Gained mutation: Your system is resistant to poisons.
                  | (rPois) [potion of mutation]
 17598 | Lair:5   | Gained mutation: Your magical capacity is low. (-10% MP)
                  | [potion of mutation]
 17598 | Lair:5   | Gained mutation: You are strong-willed. (Will+) [potion of
                  | mutation]
 17718 | Lair:5   | Reached XP level 15. HP: 93/93 MP: 19/19
 18018 | Spider:1 | Entered Level 1 of the Spider Nest
 18664 | Spider:1 | HP: 1/93 [something (8)]
 18670 | Spider:1 | Killed a ghost moth
 18798 | Spider:1 | Noticed an emperor scorpion
 18799 | Spider:1 | Noticed an emperor scorpion
 18800 | Spider:1 | Noticed an emperor scorpion
 18800 | Spider:1 | Noticed an emperor scorpion
 18806 | Spider:1 | Killed an emperor scorpion
 18808 | Spider:1 | Killed an emperor scorpion
 18817 | Spider:1 | Killed an emperor scorpion
 18817 | Spider:1 | HP: 4/94 [poisoned by an emperor scorpion]
 18820 | Spider:1 | Killed an emperor scorpion
 18956 | Spider:1 | Noticed Agnes
 18965 | Spider:1 | Killed Agnes
 19435 | Spider:2 | Noticed a broodmother
 19438 | Spider:2 | HP: 2/95 [tarantella (6)]
 19572 | Spider:2 | Killed themself with a badly aimed iceblast

Illustrated notes

Levels and vault maps discovered:
D:1:      sevenhm_arrival_forest_fort_large_4, layout_basic,
          nrook_loot_triangle, minmay_lizard_pond
D:2:      layout_loops_ring, basic_altar, serial_shops,
          nicolae_shop_temple_entry_statues_fountains
D:3:      layout_basic, ebering_ecumenical_altar_webs, serial_forest,
          infiniplex_forest_lined_corner, infiniplex_forest_lined_1,
          infiniplex_forest_lined_1, infiniplex_forest_clump_small,
          infiniplex_forest_lined_room_3, infiniplex_forest_straight_1,
          infiniplex_forest_lined_room_2, infiniplex_forest_straight_4
D:4:      layout_cave_pools, gammafunk_ghost_arena
D:5:      layout_loops_ring, mainiacjoe_overflow_catwalk, nicolae_specific_store
D:6:      lemuel_ratsnest, layout_rooms, mainiacjoe_overflow_boulevard,
          ebering_ghost_rock_garden, hangedman_abyss_or_decor_stagger,
          serial_park_tiny_1
D:7:      layout_loops_cross, nicolae_overflow_hidden_temple,
          minmay_temple_entry_mist, serial_shops, kennysheep_little_box,
          hangedman_abyss_or_decor_stabs, minmay_misc_feat_iff
D:8:      layout_basic, mainiacjoe_overflow_alcove_4, lemuel_doored_altar,
          serial_shops, shop_fountains, minmay_crystal_water,
          kennysheep_island_fort, uniq_pikel, uniq_joseph, uniq_erica,
          uniq_gastronok
D:9:      layout_stronghold, lemuel_zombie_altar_yredelemnul, uniq_psyche,
          uniq_prince_ribbit1
D:10:     layout_grid_maze, lightli_temple_of_fire, fedhas_ov_isle_minmay,
          dpeg_oklobed_lair, chequers_serial_rivers_micro_e, uniq_grum,
          uniq_maggie
D:11:     layout_irregular_city
Temple:   eino_narrow_crystal_temple
Lair:1:   layout_long_grid
Lair:2:   layout_loops_ring, nicolae_spider_entry_non_spiders,
          serial_bayou_pond_a, uniq_harold
Lair:3:   layout_small_grid, minmay_swamp_entry_reptiles, grunt_megastairs_1
Lair:4:   layout_gridlike, minmay_slime_entry_oklob_open, basic_altar,
          gammafunk_ghost_split, beast_lair_carwin_2
Lair:5:   guppyfry_lair_end_dragon, layout_gridlike,
          hangedman_lair_tendril_chambers
Spider:1: layout_cave_pods, nicolae_spider_scorpion_nest, uniq_agnes
Spider:2: layout_spider_delve, drop_trap, einodemon_crawler_minivault

Skill      XL: |  1  2  3  4  5  6  7  8  9 10 11 12 13 14 15 |
---------------+----------------------------------------------+-----
Armour         | 1 2 3 4 5 6 7 8 |  8.7
Stealth        | 2 3 4 5 7 8 10 11 12 13 14 | 14.2
Short Blades   | 1 2 3 4 5 6 8 9 10 11 12 13 | 13.2
Dodging        | 3 4 5 6 7 8 9 10 11 12 | 12.3
Evocations     | 4 5 6 7 8 9 10 11 13 14 | 14.0
Fighting       | 2 3 4 5 6 7 8 9 10 11 | 11.2
Invocations    | 2 4 5 6 8 9 |  9.9

Action                   |  1- 3 |  4- 6 |  7- 9 | 10-12 | 13-15 || total
-------------------------+-------+-------+-------+-------+-------++-------
Melee: Club              |    35 |       |       |       |       ||    35
       Dagger            |    58 |    46 |       |       |       ||   104
       Punch             |       |     1 |     1 |     3 |     8 ||    13
       Rapier            |       |    65 |   190 |   287 |   591 ||  1133
Throw: Throwing net      |       |       |       |     1 |       ||     1
Invok: Stomp             |       |       |       |     6 |     6 ||    12
       Grand Finale      |       |       |       |       |     2 ||     2
Evoke: Wand              |     3 |     1 |       |     1 |     4 ||     9
       Lightning rod     |       |       |       |     3 |     2 ||     5
       Condenser vane    |       |       |       |     1 |     1 ||     2
       Tin of tremorston |       |       |       |       |     1 ||     1
  Use: Scroll            |     1 |     3 |       |     9 |    12 ||    25
       Potion            |       |       |       |       |     8 ||     8
 Stab: Sleeping          |    10 |    11 |    11 |    33 |    42 ||   107
       Paralysed         |       |       |       |    11 |    41 ||    52
       Distracted        |       |       |       |     2 |     7 ||     9
       Betrayed ally     |       |       |       |       |     1 ||     1
Armor: Leather armour    |    14 |    11 |       |       |       ||    25
       Chain mail        |       |    13 |    40 |       |       ||    53
       Troll leather arm |       |       |     1 |       |       ||     1
       Steam dragon scal |       |       |       |    31 |     3 ||    34
       Scale mail        |       |       |       |       |   112 ||   112
       Skin              |       |       |       |       |     2 ||     2
Dodge: Dodged            |    79 |    54 |    74 |   174 |   320 ||   701
Block: Other             |       |    18 |    29 |    57 |   108 ||   212
       Reflection        |       |     2 |       |       |       ||     2
